 Dungeon Crawl Stone Soup version 0.22-a0-3-g4fa69d9 (webtiles) character file.

18887 Faca the Cleaver (level 13, -1/82 HPs)
             Began as a Formicid Fighter on Jan 1, 2018.
             Was a High Priest of Okawaru.
             Killed from afar by a starcursed mass (7 damage)
             ... with an accursed screaming
             ... on level 2 of the Abyss.
             The game lasted 00:41:20 (16316 turns).

Faca the Cleaver (Formicid Fighter)                Turns: 16316, Time: 00:41:21

Health: -1/82      AC: 18    Str: 22    XL:     13   Next: 0%
Magic:  1/11       EV:  8    Int: 10    God:    Okawaru [*****.]
Gold:   719        SH: 13    Dex: 12    Spells: 12/12 levels left

rFire    + . .     SeeInvis +   y - +0 battleaxe
rCold    . . .     Gourm    +   c - +1 shield
rNeg     . . .     Faith    .   s - +0 plate armour
rPois    .         Spirit   .   (helmet unavailable)
rElec    .         Reflect  .   (no cloak)
rCorr    .         Harm     .   (no gloves)
MR       +....                  t - +2 pair of boots
Stlth    ..........             b - amulet of the gourmand
HPRegen  0.23/turn              o - ring of protection from fire
MPRegen  0.12/turn              w - ring of teleportation (curse)

@: no status effects
A: permanent stasis, dig shafts and tunnels, four strong arms, antennae 3,
[frail 2], [low mp 2]
a: Dig, Shaft Self, Heroism, Finesse, Renounce Religion


You were on level 2 of the Abyss.
You worshipped Okawaru.
Okawaru was extremely pleased with you.
You were completely stuffed.

You visited 2 branches of the dungeon, and saw 14 of its levels.
You visited the Abyss 1 time.

You collected 719 gold pieces.

Inventory:

Hand Weapons
 p - a +1 broad axe of distortion
 y - a +0 battleaxe (weapon)
Armour
 c - a +1 shield (worn)
 k - a +2 chain mail of cold resistance
 s - a +0 plate armour (worn)
 t - a +2 pair of boots (worn)
 C - a +0 pair of gloves
Jewellery
 b - an amulet of the gourmand (around neck)
 o - a ring of protection from fire (left hand)
 w - a cursed ring of teleportation (right hand)
Wands
 a - a wand of acid (10)
 q - a wand of disintegration (30)
 A - a wand of clouds (10)
Scrolls
 d - 5 scrolls of magic mapping
 g - 4 scrolls of enchant weapon
 l - 2 scrolls of immolation
 u - 7 scrolls of remove curse
 z - 3 scrolls of enchant armour
 D - a scroll of identify
Potions
 e - 2 potions of flight
 f - a potion of might
 h - a potion of magic {unknown}
 i - a potion of resistance {unknown}
 m - 7 potions of mutation
 n - a potion of cancellation
 r - 2 potions of agility
 x - 3 potions of brilliance
Comestibles
 j - 2 chunks of flesh
 v - 30 rations


   Skills:
 + Level 10.0 Fighting
 + Level 13.1 Axes
 + Level 10.2 Armour
 - Level 3.4 Dodging
 - Level 0.3 Stealth
 + Level 11.0 Shields
 + Level 1.3 Invocations


You had 12 spell levels left.
You didn't know any spells.

Dungeon Overview and Level Annotations

Branches:
Dungeon (12/15)            Temple (0/1) D:4            Lair (2/6) D:10
    Orc (0/2) D:10
  Swamp: Lair:2-4    Shoals: Lair:2-4     Snake: Lair:2-4    Spider: Lair:2-4

Altars:
Dithmenos
Elyvilon
Fedhas
Kikubaaqudgha
Nemelex Xobeh
Okawaru
Qazlal
Trog
Uskayaw
Vehumet
Wu Jian
Xom
Zin


Innate Abilities, Weirdness & Mutations

You cannot be hasted, slowed, berserked, paralysed or teleported.
You can dig through walls and to a lower floor.
Your four strong arms can wield two-handed weapons with a shield.
You have a pair of large antennae on your head. (SInv)
[You are very frail. (-20% HP)]
[Your magical capacity is very low. (-20% MP)]


Message History

The lurking horror explodes!
Your body is wracked with pain!
* * * LOW HITPOINT WARNING * * *
The green very ugly thing convulses!
A starcursed mass splits. x2
An iron imp comes into view.
You barely miss the wretched star.
The wretched star is moderately damaged.
The wretched star pulses with an eldritch light!
You feel frail. x2
A chorus of shrieks assaults your mind.
* * * LOW HITPOINT WARNING * * *
You feel yourself growing ill in the presence of the ancient zyme.
You hit the wretched star but do no damage.
The wretched star is moderately damaged.
You slice the wretched star!!
The wretched star is heavily damaged.
You slash the green very ugly thing! The green very ugly thing pecks you.
* * * LOW HITPOINT WARNING * * *
A chorus of shrieks assaults your mind.
You die...

#* . ..#.###.. .
.. ....#..#... #.
. ... #..
.#.#..#.....
.#.##..#.##... #.
..X.#...##.#
.#..###
.....#..##.##..#.
.. ...X......## #
.....
..X........#
#.#... # #.*@#.#
# .# .. ##..u###.
##.... # .
....5.# .#x
..#...## { .
####..x# { .
..... .#...#


You could see 3 starcursed masses, a green very ugly thing, a wretched star, an
ancient zyme and an iron imp.

Vanquished Creatures
  Harold (Lair:2)
  A two-headed ogre (D:12)
  The ghost of JimmahDean the Basher, a novice OgBe of Trog (D:7)
  The ghost of jujuben the Carver, a novice MiCK of Xom (D:8)
  An unseen horror (D:10)
  A mana viper (Abyss:2)
  A cyclops (D:11)
  The ghost of Ofeo the Spear-Bearer, a novice MfSk (D:5)
  A spiny frog (Lair:2)
  A gargoyle (D:11)
  A troll (D:10)
  A queen bee (D:9)
  A hornet (D:9)
  3 slime creatures (D:12)
  3 raiju (Abyss:2)
  3 hippogriffs
  A wraith (Abyss:2)
  A wyvern (D:12)
  15 yaks
  2 hungry ghosts (D:10)
  2 basilisks
  A steam dragon (D:12)
  A soldier ant (D:10)
  2 water moccasins
  5 porcupines
  6 sky beasts
  A necrophage (D:8)
  2 black bears (D:6)
  3 orc warriors
  An eye of draining (D:9)
  5 ice beasts
  3 phantoms
  3 wolves (Lair:2)
  3 centaurs
  2 ogres
  A swamp dragon skeleton (Abyss:2)
  3 crocodiles
  3 big kobolds
  7 bullfrogs
  A wyvern zombie (D:6)
  A water moccasin skeleton (D:9)
  7 scorpions
  2 troll zombies (D:10)
  22 killer bees
  5 wights (D:10)
  2 electric eels (Lair:1)
  10 howler monkeys
  2 vampire bats (D:6)
  2 centaur zombies
  3 crimson imps
  7 jellies
  A bullfrog skeleton (D:9)
  4 hounds
  Terence (D:2)
  2 iguanas
  4 orc wizards
  9 worker ants
  6 ogre zombies (D:10)
  A hound zombie (D:7)
  2 hound skeletons
  A worker ant zombie (D:5)
  Robin (D:2)
  10 gnolls
  9 adders
  A howler monkey skeleton (D:8)
  3 shadow imps
  5 oozes
  An adder skeleton (D:6)
  5 worms
  4 dart slugs
  7 leopard geckos
  29 orcs
  7 bats
  2 bat skeletons (D:6)
  4 bat zombies (D:6)
  20 giant cockroaches
  11 goblins
  10 hobgoblins
  22 jackals
  16 kobolds
  7 quokkas
  5 frilled lizards
  4 goblin skeletons (D:10)
  4 goblin zombies (D:10)
  2 hobgoblin zombies (D:10)
  3 orc skeletons (D:10)
  12 orc zombies (D:10)
  10 rats
  4 butterflies (D:5)
  A fungus (Lair:2)
  A lurking horror (Abyss:2)
  A plant (Lair:1)
411 creatures vanquished.

Vanquished Creatures (others)
  A blink frog (Lair:1)
  2 yaks
  A porcupine (Lair:1)
  2 fungi
  2 plants (Lair:1)
8 creatures vanquished.

Grand Total: 419 creatures vanquished

Notes
Turn   | Place    | Note
-------+----------+-------------------------------------------
     0 | D:1      | Faca the Formicid Fighter began the quest for the Orb.
     0 | D:1      | Reached XP level 1. HP: 18/18 MP: 1/1
     1 | D:1      | Found a runed door.
     1 | D:1      | Noticed a jelly
     1 | D:1      | Noticed a jelly
   225 | D:1      | Reached XP level 2. HP: 24/24 MP: 2/2
   683 | D:1      | Reached XP level 3. HP: 22/30 MP: 3/3
  1089 | D:1      | Reached XP level 4. HP: 29/37 MP: 4/4
  1098 | D:1      | Reached skill level 3 in Axes
  1098 | D:1      | Reached XP level 5. HP: 27/43 MP: 5/5
  1334 | D:2      | Noticed Robin
  1347 | D:2      | Killed Robin
  1347 | D:2      | Reached skill level 1 in Dodging
  1532 | D:2      | Found a sparkling altar of Nemelex Xobeh.
  1574 | D:2      | Noticed Terence
  1580 | D:2      | Killed Terence
  1649 | D:2      | Reached XP level 6. HP: 49/49 MP: 6/6
  1880 | D:2      | Reached skill level 4 in Axes
  2002 | D:3      | Found an iron altar of Okawaru.
  2021 | D:3      | Became a worshipper of Warmaster Okawaru
  2142 | D:3      | Found a stormy altar of Qazlal.
  2206 | D:3      | Found a blossoming altar of Fedhas.
  2505 | D:4      | Reached XP level 7. HP: 55/55 MP: 7/7
  2510 | D:4      | Upgraded the game from 0.22-a0 to 0.22-a0-3-g4fa69d9
  2559 | D:4      | Reached skill level 5 in Axes
  3012 | D:4      | Found a sparkling altar of Nemelex Xobeh.
  3138 | D:4      | Found a staircase to the Ecumenical Temple.
  3206 | D:4      | Found a radiant altar of Vehumet.
  3232 | D:5      | Entered Level 5 of the Dungeon
  3246 | D:5      | Reached skill level 5 in Fighting
  3271 | D:5      | Noticed Ofeo's ghost (novice MfSk)
  3553 | D:5      | Killed Ofeo's ghost
  3553 | D:5      | Reached * piety under Okawaru
  3553 | D:5      | Reached skill level 6 in Axes
  3553 | D:5      | Reached skill level 5 in Shields
  3553 | D:5      | Reached XP level 8. HP: 19/63 MP: 8/8
  3772 | D:5      | Noticed a hand axe
  3772 | D:5      | Noticed a hand axe
  3774 | D:5      | Found a hide-covered altar of Uskayaw.
  3861 | D:5      | Reached ** piety under Okawaru
  3861 | D:5      | Reached skill level 5 in Armour
  4088 | D:5      | Found a runed door.
  4102 | D:5      | Found a runed door.
  4123 | D:5      | Reached skill level 7 in Axes
  4536 | D:5      | Found a shadowy altar of Dithmenos.
  4826 | D:6      | Reached XP level 9. HP: 69/69 MP: 9/9
  5029 | D:6      | Reached *** piety under Okawaru
  5049 | D:6      | Reached skill level 8 in Axes
  5131 | D:6      | Found a bloodstained altar of Trog.
  5267 | D:6      | Found an ancient bone altar of Kikubaaqudgha.
  5561 | D:7      | Found an ornate altar of the Wu Jian Council.
  5635 | D:7      | Reached **** piety under Okawaru
  5668 | D:7      | Noticed JimmahDean's ghost (novice OgBe)
  5995 | D:7      | Found a white marble altar of Elyvilon.
  6122 | D:7      | Killed JimmahDean's ghost
  6122 | D:7      | Reached skill level 9 in Axes
  6122 | D:7      | Reached XP level 10. HP: 46/79 MP: 10/10
  6575 | D:8      | Found a shimmering altar of Xom.
  6697 | D:8      | Noticed jujuben's ghost (novice MiCK)
  7183 | D:8      | Killed jujuben's ghost
  7183 | D:8      | Reached skill level 1 in Invocations
  8080 | D:9      | Reached skill level 10 in Axes
  8262 | D:9      | Reached ***** piety under Okawaru
  8403 | D:9      | Reached XP level 11. HP: 82/86 MP: 11/11
  8579 | D:9      | Found a glowing silver altar of Zin.
  8702 | D:9      | Received a gift from Okawaru
  9110 | D:9      | HP: 1/87 [killer bee (5)]
  9118 | D:9      | HP: 4/87 [killer bee (4)]
  9626 | D:9      | Received a gift from Okawaru
  9690 | D:9      | Got a crude robe {god gift}
  9703 | D:9      | Identified the +1 robe of Umer {rN+ Int+3} (Okawaru gifted it to you on level 9 of the Dungeon)
  9758 | D:9      | Reached skill level 11 in Axes
  9983 | D:10     | Entered Level 10 of the Dungeon
 10157 | D:10     | Found a staircase to the Orcish Mines.
 10244 | D:10     | Found a staircase to the Lair.
 10343 | D:10     | Noticed an unseen horror
 10368 | D:10     | Killed an unseen horror
 11270 | D:11     | Noticed a cyclops
 11503 | D:11     | Killed a cyclops
 11622 | D:11     | Reached skill level 10 in Shields
 11959 | D:11     | Reached XP level 12. HP: 95/95 MP: 12/12
 12490 | D:12     | Reached skill level 12 in Axes
 12872 | D:12     | Noticed a two-headed ogre
 12886 | D:12     | Killed a two-headed ogre
 13393 | D:12     | Received a gift from Okawaru
 13651 | Lair:1   | Entered Level 1 of the Lair of Beasts
 15324 | Lair:2   | Noticed Harold
 15362 | Lair:2   | Killed Harold
 15579 | Lair:2   | Reached skill level 13 in Axes
 15651 | Lair:2   | Noticed a seven-headed hydra
 16009 | Lair:2   | Reached skill level 10 in Armour
 16078 | Lair:1   | Cast into level 2 of the Abyss (a distortion unwield)
 16080 | Abyss:2  | Found a corrupted altar of Lugonu.
 16302 | Abyss:2  | Noticed a wretched star
 16311 | Abyss:2  | Noticed a green very ugly thing
 16311 | Abyss:2  | Reached skill level 10 in Fighting
 16311 | Abyss:2  | Reached XP level 13. HP: 39/103 MP: 1/11
 16312 | Abyss:2  | Noticed a starcursed mass
 16316 | Abyss:2  | Killed from afar by a starcursed mass

Vault maps used:
D:1:      dpeg_arrival_caged_fury, minmay_misc_feat_tower
D:2:      nemelex_diamond_rough_becter, uniq_terence, uniq_robin
D:3:      grunt_temple_overflow_forces_of_nature, okawaru_ov_weapons_minmay
D:4:      nicolae_overflow_crystal_walls, lemuel_coloured_pillars_altar,
          temple_doors_cd
D:5:      lemuel_insect_pit, dancing_weapons_uskayaw, kennysheep_mini_moat,
          first_ration
D:6:      trog_ov_bears_minmay, kennysheep_vampire_church,
          minmay_misc_feat_diagonals
D:7:      elyvilon_altar_1, lemuel_crystal_altar
D:8:      tgw_xom
D:9:      zin_treasury, david_nohive_1
D:10:     lair_entry_dummy, zombieorc2_lemuel
D:11:     minmay_tree_intersection
D:12:     grunt_decor_cap
Lair:1:   serial_bayou_ford_a, serial_bayou_pond_c, minivault_23,
          serial_bayou_shore_a
Lair:2:   uniq_harold

Skill      XL: |  1  2  3  4  5  6  7  8  9 10 11 12 |
---------------+-------------------------------------+-----
Shields        | 4 5 7 10 11 | 11.0
Fighting       | 4 5 7 8 9 10 | 10.0
Axes           | 3 4 6 7 9 10 11 13 | 13.1
Dodging        | 1 2 3 |  3.4
Armour         | 4 5 6 8 10 | 10.2
Invocations    | 1 |  1.3
Stealth        | |  0.3

Action                   |  1- 3 |  4- 6 |  7- 9 | 10-12 | 13-15 || total
-------------------------+-------+-------+-------+-------+-------++-------
Melee: War axe           |    81 |   182 |   384 |   954 |       ||  1601
       Battleaxe         |       |       |       |    46 |     5 ||    51
       Broad axe         |       |       |       |   119 |       ||   119
Invok: Heroism           |       |       |     1 |     8 |       ||     9
 Abil: Dig               |       |       |       |     1 |       ||     1
  Use: Scroll            |     5 |     6 |     4 |     9 |       ||    24
       Potion            |     1 |       |     2 |    14 |       ||    17
  Eat: Ration            |     1 |       |       |       |       ||     1
       Chunk             |       |    13 |    11 |    42 |       ||    66
Armor: Scale mail        |    44 |    35 |       |       |       ||    79
       Chain mail        |       |    79 |   177 |   298 |       ||   554
       Skin              |       |       |       |    54 |       ||    54
       Plate armour      |       |       |       |    93 |       ||    93
Dodge: Dodged            |    31 |    58 |   109 |   299 |       ||   497
Block: Shield            |    41 |   104 |   190 |   713 |       ||  1048

Table legend:
 A = Spawn XP
 B = Non-spawn XP
 C = Spawn XP percentage of total XP
 D = Spawn monster count
 E = Non-spawn monster count
 F = Spawn count percentage of total count
 G = Total turns spent on level
                    A         B        C        D         E        F      G
               +---------+---------+-------+---------+---------+-------+---------
         Total |     992 |   25990 |   3.7 |       4 |     404 |   1.0 | 16316
               +---------+---------+-------+---------+---------+-------+---------
           D:1 |       0 |     171 |   0.0 |       0 |      37 |   0.0 |  1213
           D:2 |       0 |     136 |   0.0 |       0 |      30 |   0.0 |   789
           D:3 |       0 |     164 |   0.0 |       0 |      25 |   0.0 |   452
           D:4 |       0 |     211 |   0.0 |       0 |      11 |   0.0 |  1006
           D:5 |       0 |    1399 |   0.0 |       0 |      34 |   0.0 |  1451
           D:6 |       0 |    1218 |   0.0 |       0 |      32 |   0.0 |   755
           D:7 |       0 |    1422 |   0.0 |       0 |      17 |   0.0 |  1210
           D:8 |       0 |    1640 |   0.0 |       0 |      18 |   0.0 |  1193
           D:9 |       0 |    4140 |   0.0 |       0 |      63 |   0.0 |  1914
          D:10 |       0 |    3097 |   0.0 |       0 |      58 |   0.0 |  1407
          D:11 |       0 |    2020 |   0.0 |       0 |      25 |   0.0 |  1003
          D:12 |       0 |    4462 |   0.0 |       0 |      25 |   0.0 |  1258
        Lair:1 |       0 |    2032 |   0.0 |       0 |      14 |   0.0 |  1456
        Lair:2 |       0 |    3159 |   0.0 |       0 |      13 |   0.0 |   971
       Abyss:2 |     992 |     719 |  58.0 |       4 |       2 |  66.7 |   238
               +---------+---------+-------+---------+---------+-------+---------
